 Dungeon Crawl Stone Soup version 0.28-b1-25-g9875b3fc8c (webtiles) character file.

Game seed: 226186709346167025

465 pkoi the Firebug (level 6, -17/45 HPs)
             Began as a Draconian Fire Elementalist on Feb 3, 2022.
             Was an Initiate of Gozag.
             Demolished by an ogre (18 damage)
             ... on level 5 of the Dungeon.
             The game lasted 00:07:01 (6690 turns).

pkoi the Firebug (Draconian Fire Elementalist)      Turns: 6690, Time: 00:07:02

Health: -17/45     AC:  2    Str: 11    XL:     6   Next: 80%
Magic:  1/9        EV: 12    Int: 17    God:    Gozag
Gold:   641        SH:  0    Dex: 11    Spells: 4/9 levels left

rFire   . . .      SeeInvis .   f - +0 short sword
rCold   . . .      Faith    .   (no shield)
rNeg    . . .      Spirit   .   (armour unavailable)
rPois   .          Reflect  .   (helmet restricted)
rElec   .          Harm     .   (no cloak)
rCorr   .          Rampage  .   (no gloves)
Will    .....                   (no boots)
Stlth   ++........              (no amulet)
HPRegen 0.15/turn               d - ring of flight
MPRegen 0.11/turn               (no ring)

@: marked, corroded, gold aura, flying
A: AC +6, unfitting armour, cold-blooded
a: Renounce Religion, Potion Petition, Call Merchant, Bribe Branch


You were on level 5 of the Dungeon.
You worshipped Gozag.
Gozag was pleased with you.
You visited 1 branch of the dungeon, and saw 5 of its levels.
You also visited: Sewer.

You collected 664 gold pieces.
You paid 23 gold pieces to Gozag.

Inventory:

Hand Weapons
 f - a +0 short sword (weapon)
Jewellery
 d - a ring of flight (left hand)
Wands
 h - a wand of acid (8)
Scrolls
 a - 7 scrolls of identify {unknown}
 c - 2 scrolls of teleportation {unknown}
 e - a scroll of magic mapping {unknown}
Potions
 b - a potion of curing
 g - a potion of degeneration {unknown}
 i - 2 potions of haste
 j - 4 potions of lignification {unknown}
 k - a potion of attraction {unknown}
 n - a potion of heal wounds {unknown}
 o - a potion of flight {unknown}


   Skills:
 - Level 1.7 Dodging
 - Level 1.7 Stealth
 - Level 2.0 Spellcasting
 + Level 5.0 Conjurations
 + Level 5.9 Fire Magic


You had 4 spell levels left.
You knew the following spells:

 Your Spells              Type           Power      Damage    Failure   Level
a - Foxfire               Conj/Fire      80%        2x1d8     1%          1
b - Flame Wave            Conj/Fire      20%        2d7       21%         4

Your spell library contained the following spells:

 Spells                   Type           Power      Damage    Failure   Level
 Magic Dart               Conj           72%        1d6       2%          1
 Scorch                   Fire           42%        2d7       2%          2
 Searing Ray              Conj           36%        2d5       3%          2
 Conjure Flame            Conj/Fire      20%        6-21      6%          3
 Inner Flame              Hex/Fire       11%        N/A       17%         3
 Dazzling Flash           Conj/Hex       20%        N/A       21%         3
 Orb of Destruction       Conj           9%         9d6       100%        7


Dungeon Overview and Level Annotations

Branches:
Dungeon (5/15)              Sewer (visited)
 Temple: D:4-7

Altars:
Gozag
Hepliaklqana

Annotations:
D:4 1 runed translucent door, Edmund; adizb's ghost, amateur DDBe
D:5 Menkaure


Innate Abilities, Weirdness & Mutations

Your plain brown scales are hard. (AC +6)
You cannot fit into any form of body armour.
You are cold-blooded and may be slowed by cold attacks.


Message History

The foxfire hits the adder zombie.
The adder zombie is almost destroyed.
The foxfire hits the centaur skeleton.
The centaur skeleton is heavily damaged.
The centaur skeleton hits you but does no damage.
The centaur skeleton kicks you but does no damage.
The adder zombie bites you but does no damage.
The centaur skeleton hits you but does no damage.
The centaur skeleton kicks you but does no damage.
Your magical contamination has completely faded away.
Your foxfire dissipates!
Menkaure and a jelly come into view.
The foxfire hits the adder zombie.
You destroy the adder zombie!
Casting: Foxfire (safe; 1% risk of failure)
Press: ? - help, Q - select action, (/) - cycle Dir - look around, f - activate You conjure some foxfire!
The centaur skeleton hits you.
The centaur skeleton kicks you but does no damage.
Menkaure casts a spell at you. Pain shoots through your body!
Your foxfire dissipates!
The foxfire hits Menkaure.
Menkaure is burned terribly!
Menkaure is lightly damaged.
The centaur skeleton hits you.
The centaur skeleton kicks you but does no damage.
The ogre hits you with a +0 giant spiked club!!
Ouch! That really hurt!
* * * LOW HITPOINT WARNING * * *
Menkaure rustles a few words.
Menkaure points at you and mumbles some strange words.
Pain shoots through your body!
* * * LOW HITPOINT WARNING * * *
The jelly hits you.
* * * LOW HITPOINT WARNING * * *
The acid corrodes you!
You are splashed with acid!
* * * LOW HITPOINT WARNING * * *
The ogre hits you with a +0 giant spiked club!!
You die...
Your body crumbles into a pile of gold.

#.####### #...## #.......#
#....# #. #.......# #.#..##
#. #.......####.#...# #. #
##.......##.....#.###.##.
####...$..$.#.M...##......#.
#..............#.....###....
#.###.##.##OZ.##.###..#....#
#.#...J@####.# #.......
#.#...#......# ##......
#.#..##....>.# ##...≈≈#
.....##......## #....≈).
#...........^..###....≈≈#
###.....#.......##.[.....
...###.....#.......... ...#
#.....######....# $
..>....##### #...#..


You could see an ogre, Menkaure, a jelly and a centaur skeleton.

Vanquished Creatures
  An ogre (D:5)
  A centaur (D:5)
  2 hounds
  An orc priest (D:4)
  An iguana (D:5)
  7 adders
  A river rat (Sewer)
  A shadow imp (D:5)
  An adder skeleton (D:3)
  An adder zombie (D:5)
  3 dart slugs
  14 orcs
  3 ball pythons
  4 bats
  7 endoplasms
  7 giant cockroaches
  A goblin (D:4)
  9 hobgoblins
  4 jackals
  3 kobolds
  3 quokkas
  6 frilled lizards
  9 rats
  A bush (D:5)
91 creatures vanquished.

Vanquished Creatures (others)
  352 foxfires
352 creatures vanquished.

Grand Total: 443 creatures vanquished

Notes
Turn   | Place    | Note
-------+----------+-------------------------------------------
     0 | D:1      | pkoi the Draconian Fire Elementalist began the quest for
                  | the Orb.
     0 | D:1      | Reached XP level 1. HP: 14/14 MP: 3/3
   448 | D:1      | Reached XP level 2. HP: 20/20 MP: 1/5
   875 | D:1      | Found a faded altar of an unknown god.
  1023 | D:2      | Found an opulent altar of Gozag.
  1061 | D:2      | Became a worshipper of Gozag Ym Sagoz the Greedy
  1464 | D:2      | Reached XP level 3. HP: 26/26 MP: 0/6
  2499 | D:3      | Found a glowing drain.
  2526 | Sewer    | Entered a sewer
  2717 | Sewer    | Reached XP level 4. HP: 33/33 MP: 4/7
  3870 | D:3      | Learned a level 4 spell: Flame Wave
  4042 | D:3      | Found a hazy altar of Hepliaklqana.
  4118 | D:4      | Reached XP level 5. HP: 38/38 MP: 4/8
  5046 | D:4      | Noticed Edmund
  5640 | D:4      | Found a runed translucent door.
  5762 | D:4      | Identified a scroll of acquirement
  5762 | D:4      | Acquired Vehumet's Disquisition on Confrontation
  5772 | D:4      | Reached skill level 5 in Fire Magic
  5836 | D:4      | Noticed adizb's ghost (amateur DDBe)
  5968 | D:5      | Entered Level 5 of the Dungeon
  5981 | D:5      | Noticed an ogre
  5988 | D:5      | Killed an ogre
  5989 | D:5      | Reached XP level 6. HP: 39/44 MP: 2/9
  6683 | D:5      | Reached skill level 5 in Conjurations
  6687 | D:5      | Noticed Menkaure
  6690 | D:5      | HP: 1/45 [acid (8)]
  6690 | D:5      | Demolished by an ogre

Illustrated notes

Levels and vault maps discovered:
D:1:      nicolae_arrival_memento_mori, layout_loops_ring,
          ebering_ecumenical_altar_box, minmay_pentomino_t2
D:2:      layout_basic, basic_altar
D:3:      layout_rooms, worldfamousw_hep_ancestral_shrine, gup_sewer_entry_glass
D:4:      layout_layer_cave, serial_glass, glass_columns_b, glass_columns_c,
          glass_columns_b, due_unseen_surprise, feat_on_display,
          minmay_strange_pillars, ebering_ghost_sewer_d, chequers_big_river,
          uniq_edmund
D:5:      layout_rooms, kb_lookout_dungeons_type, uniq_menkaure

Skill      XL: |  1  2  3  4  5  6 |
---------------+-------------------+-----
Conjurations   | 2 3 4 5 |  5.0
Fire Magic     | 4 5 |  5.9
Dodging        | |  1.7
Stealth        | |  1.7
Spellcasting   | |  2.0

Action                   |  1- 3 |  4- 6 || total
-------------------------+-------+-------++-------
Melee: Unarmed           |     1 |       ||     1
       Short sword       |    19 |   164 ||   183
       Tailslap          |     2 |    50 ||    52
       Punch             |       |     3 ||     3
 Cast: Foxfire           |    69 |   152 ||   221
  Use: Scroll            |       |     4 ||     4
       Potion            |       |     3 ||     3
Armor: Skin              |    10 |    35 ||    45
Dodge: Dodged            |    23 |    50 ||    73
